[Event "13th Senioren-Cup Tegernsee 2025"]
[Site "Rottach-Egern"]
[Date "2025.03.30"]
[Round "2.1"]
[White "Jahn, Constanze"]
[Black "Schneider-Zinner, Harald"]
[Result "0-1"]
[Annotator "RC"]
[ECO "D02"]
[WhiteElo "2028"]
[BlackElo "2327"]
[PlyCount "84"]
[EventDate "2025.03.25"]
[EventType "swiss"]
[EventCountry "GER"]
[SourceTitle "playchess.com"]
[Source "ChessBase"]
[SourceQuality "1"]
[TimeControl "9000+30"]

1. Nf3 d5 2. d4 Nf6 3. Bf4 e6 4. e3 c5 5. c3 Nc6 6. Bd3 Qb6 7. b3 g6 8. Nbd2 cxd4 9. exd4 Nh5 10. Bg3 Nxg3 11. hxg3 Bg7 12. O-O O-O 13. b4 e5 14. b5 e4 15. bxc6 Qxc6 16. Be2 exf3 17. Bxf3 Qxc3 18. Nb3 Be6 19. Rc1 Qb4 20. Re1 b6 21. Bg4 Bxg4 22. Qxg4 a5 23. Red1 Rae8 24. Qd7 Re2 25. Qxd5 Rxa2 26. Na1 Rd2 27. Rxd2 Qxd2 28. Nb3 Qb4 29. Rd1 Re8 30. Kh2 h5 31. Rd3 a4 32. Nd2 b5 33. Rf3 Re6 34. Ne4 Qxd4 35. Qa8+ Bf8 36. Rf4 Qe5 37. Qb7 Be7 38. Qc8+ Kg7 39. Nc3 Bf6 40. Nxa4 bxa4 41. Rxa4 Re8 42. Qb7 h4 0-1

[Event "13th Senioren-Cup Tegernsee 2025"]
[Site "Rottach-Egern"]
[Date "2025.03.30"]
[Round "2.2"]
[White "Heinbuch, Detlef Ulrich"]
[Black "Wegemund, Hubert"]
[Result "1/2-1/2"]
[Annotator "RC"]
[ECO "D32"]
[WhiteElo "2263"]
[BlackElo "2018"]
[PlyCount "154"]
[EventDate "2025.03.25"]
[EventType "swiss"]
[EventCountry "GER"]
[SourceTitle "playchess.com"]
[Source "ChessBase"]
[SourceQuality "1"]
[TimeControl "9000+30"]

1. c4 e6 2. Nf3 d5 3. e3 c5 4. cxd5 exd5 5. d4 Nc6 6. Nc3 Nf6 7. Be2 Be6 8. O-O Be7 9. dxc5 Bxc5 10. b3 O-O 11. Bb2 Rc8 12. Na4 Be7 13. Rc1 Ne4 14. Nd4 Re8 15. Nxe6 fxe6 16. Bd3 Nf6 17. Qe2 Bd6 18. a3 Qe7 19. b4 Ne5 20. Bb5 Rf8 21. f4 Nc6 22. Nc5 a5 23. Bd4 axb4 24. Bxc6 Rxc6 25. axb4 Rfc8 26. Qb2 Ng4 27. Nd3 Rxc1 28. Rxc1 Rxc1+ 29. Qxc1 Kf7 30. Bc5 Bxc5 31. bxc5 e5 32. h3 e4 33. Nb4 Nf6 34. c6 Qc7 35. Qc5 bxc6 36. Nxc6 Ke8 37. Qb5 Kf8 38. Kf2 Qd6 39. Ke2 h5 40. Qb4 Qxb4 41. Nxb4 Ke7 42. Kd2 Kd6 43. Kc3 Kc5 44. Nc2 g6 45. Nd4 Kd6 46. Nb5+ Kc5 47. Nd4 Kd6 48. Ne2 Kc5 49. g3 Ne8 50. g4 hxg4 51. hxg4 Nf6 52. g5 Ne8 53. Nd4 Kd6 54. Nb5+ Kc5 55. Nd4 Kd6 56. Nc2 Kc5 57. Nd4 Kd6 58. Kb4 Nc7 59. Kc3 Ne8 60. Ne2 Ng7 61. Nd4 Ne8 62. Kb4 Nc7 63. f5 gxf5 64. Nxf5+ Ke6 65. Nd4+ Kf7 66. Kc5 Kg6 67. Kd6 Ne8+ 68. Kxd5 Kxg5 69. Kxe4 Nf6+ 70. Kf3 Kg6 71. Ne2 Kf5 72. Nf4 Ke5 73. Nd3+ Kf5 74. Nf2 Ke5 75. Ng4+ Nxg4 76. Kxg4 Ke4 77. Kg3 Kxe3 1/2-1/2

[Event "13th Senioren-Cup Tegernsee 2025"]
[Site "Rottach-Egern"]
[Date "2025.03.30"]
[Round "2.3"]
[White "Pruesse, Horst"]
[Black "Belke, Frank"]
[Result "0-1"]
[Annotator "RC"]
[ECO "D75"]
[WhiteElo "2028"]
[BlackElo "2235"]
[PlyCount "86"]
[EventDate "2025.03.25"]
[EventType "swiss"]
[EventCountry "GER"]
[SourceTitle "playchess.com"]
[Source "ChessBase"]
[SourceQuality "1"]
[TimeControl "9000+30"]

1. c4 Nf6 2. Nc3 d5 3. cxd5 Nxd5 4. g3 g6 5. Bg2 Nxc3 6. bxc3 Bg7 7. Nf3 c5 8. O-O O-O 9. d4 cxd4 10. cxd4 Nc6 11. e3 Bf5 12. Qb3 Be4 13. Nd2 Bxg2 14. Kxg2 Na5 15. Qa4 a6 16. Ba3 b5 17. Qd1 Rc8 18. Nb3 Nc4 19. Bc5 Qd7 20. Qe2 a5 21. a4 bxa4 22. Qxc4 axb3 23. Rxa5 Rb8 24. Rb1 Qb7+ 25. Kg1 Rfc8 26. Ra3 b2 27. Qa2 e6 28. Rc3 h5 29. Rc2 Qe4 30. Rcxb2 Ra8 31. Qc4 h4 32. Qc2 Qf3 33. gxh4 Bf6 34. Qe2 Qe4 35. Rb4 Kg7 36. h5 Rh8 37. f3 Qd5 38. Rb5 Ra2 39. R5b2 Rha8 40. Qd3 Rxb2 41. Rxb2 Ra1+ 42. Kf2 Qxh5 43. Bd6 e5 0-1

[Event "13th Senioren-Cup Tegernsee 2025"]
[Site "Rottach-Egern"]
[Date "2025.03.30"]
[Round "2.4"]
[White "Pieper, Thomas"]
[Black "Hafner, Robert"]
[Result "1/2-1/2"]
[Annotator "RC"]
[ECO "B19"]
[WhiteElo "2178"]
[BlackElo "2011"]
[PlyCount "45"]
[EventDate "2025.03.25"]
[EventType "swiss"]
[EventCountry "GER"]
[SourceTitle "playchess.com"]
[Source "ChessBase"]
[SourceQuality "1"]
[TimeControl "9000+30"]

1. e4 c6 2. d4 d5 3. Nc3 dxe4 4. Nxe4 Bf5 5. Ng3 Bg6 6. h4 h6 7. Nf3 Nd7 8. h5 Bh7 9. Bd3 Bxd3 10. Qxd3 Ngf6 11. Bd2 e6 12. Qe2 Be7 13. O-O-O O-O 14. Nf1 c5 15. g4 Qb6 16. g5 Nd5 17. gxh6 cxd4 18. Rg1 Ba3 19. Rxg7+ Kh8 20. bxa3 Nc3 21. Bxc3 dxc3 22. Rh7+ Kg8 23. Rg7+ 1/2-1/2

[Event "13th Senioren-Cup Tegernsee 2025"]
[Site "Rottach-Egern"]
[Date "2025.03.30"]
[Round "2.5"]
[White "Kaiser, Guenter"]
[Black "Loew, Gerald"]
[Result "1/2-1/2"]
[Annotator "RC"]
[ECO "A01"]
[WhiteElo "2005"]
[BlackElo "2175"]
[PlyCount "52"]
[EventDate "2025.03.25"]
[EventType "swiss"]
[EventCountry "GER"]
[SourceTitle "playchess.com"]
[Source "ChessBase"]
[SourceQuality "1"]
[TimeControl "9000+30"]

1. b3 e5 2. Bb2 d6 3. e4 Nf6 4. Nc3 g6 5. d4 exd4 6. Qxd4 Bg7 7. O-O-O O-O 8. Qd2 Nc6 9. Bb5 Bd7 10. f3 a6 11. Bxc6 Bxc6 12. Nd5 Re8 13. Nxf6+ Bxf6 14. Bxf6 Qxf6 15. Qd4 Qxd4 16. Rxd4 Re5 17. Nh3 Rae8 18. Rhd1 f5 19. exf5 Rxf5 20. Nf4 g5 21. Nd5 Bxd5 22. Rxd5 Ree5 23. Rxe5 Rxe5 24. Rd4 Kf7 25. Kd2 Ke6 26. f4 gxf4 1/2-1/2

[Event "13th Senioren-Cup Tegernsee 2025"]
[Site "Rottach-Egern"]
[Date "2025.03.30"]
[Round "2.6"]
[White "Hess, Christian"]
[Black "Moritz, Hartmut"]
[Result "1-0"]
[Annotator "RC"]
[ECO "A06"]
[WhiteElo "2168"]
[BlackElo "2001"]
[PlyCount "75"]
[EventDate "2025.03.25"]
[EventType "swiss"]
[EventCountry "GER"]
[SourceTitle "playchess.com"]
[Source "ChessBase"]
[SourceQuality "1"]
[TimeControl "9000+30"]

1. Nf3 d5 2. e3 c5 3. b3 Nc6 4. Bb2 Nf6 5. Bb5 Bd7 6. O-O e6 7. Bxc6 Bxc6 8. Ne5 Bd6 9. f4 O-O 10. d3 Qe7 11. Nd2 Nd7 12. Qh5 f6 13. Nxc6 bxc6 14. e4 e5 15. Rae1 Rae8 16. exd5 cxd5 17. c4 d4 18. f5 Qf7 19. Qf3 Bc7 20. Ne4 Qe7 21. Ba3 Kh8 22. g4 Bb6 23. Re2 g5 24. h4 h6 25. Rh2 Kg7 26. Kg2 Rh8 27. Rfh1 Ref8 28. Ng3 Qd6 29. Rh3 a5 30. Ne4 Qe7 31. Qg3 Ra8 32. hxg5 hxg5 33. Qh2 Rxh3 34. Qxh3 Rg8 35. Qh7+ Kf8 36. Qxe7+ Kxe7 37. Rh7+ Kd8 38. Rxd7+ 1-0

[Event "13th Senioren-Cup Tegernsee 2025"]
[Site "Rottach-Egern"]
[Date "2025.03.30"]
[Round "2.7"]
[White "Fabig, Holger"]
[Black "Cordts, Ingo"]
[Result "0-1"]
[Annotator "RC"]
[ECO "B23"]
[WhiteElo "1997"]
[BlackElo "2151"]
[PlyCount "46"]
[EventDate "2025.03.25"]
[EventType "swiss"]
[EventCountry "GER"]
[SourceTitle "playchess.com"]
[Source "ChessBase"]
[SourceQuality "1"]
[TimeControl "9000+30"]

1. e4 c5 2. Nc3 e6 3. g3 d5 4. exd5 exd5 5. Bg2 Nf6 6. d3 h6 7. Nge2 d4 8. Ne4 Nxe4 9. Bxe4 Bd6 10. O-O O-O 11. Nf4 Nd7 12. Qf3 Rb8 13. Qg2 Nf6 14. Re1 Nxe4 15. dxe4 Re8 16. Bd2 c4 17. Rad1 Bc5 18. b4 Bd6 19. Be3 dxe3 20. Rxe3 Bg4 21. f3 Bxf4 22. Rxd8 Bxe3+ 23. Kf1 Rbxd8 0-1

[Event "13th Senioren-Cup Tegernsee 2025"]
[Site "Rottach-Egern"]
[Date "2025.03.30"]
[Round "2.8"]
[White "Wolf, Richard"]
[Black "Lindam, Ingo"]
[Result "1/2-1/2"]
[Annotator "RC"]
[ECO "B47"]
[WhiteElo "1989"]
[BlackElo "2151"]
[PlyCount "60"]
[EventDate "2025.03.25"]
[EventType "swiss"]
[EventCountry "GER"]
[SourceTitle "playchess.com"]
[Source "ChessBase"]
[SourceQuality "1"]
[TimeControl "9000+30"]

1. e4 c5 2. Nf3 e6 3. d4 cxd4 4. Nxd4 Nc6 5. Nc3 Qc7 6. g3 a6 7. Bg2 Nf6 8. O-O Nxd4 9. Qxd4 Bc5 10. Bf4 d6 11. Qd2 h6 12. Na4 e5 13. Be3 Bxe3 14. Qxe3 Be6 15. Nb6 Rd8 16. c4 O-O 17. Rac1 Ng4 18. Qb3 Qc5 19. h3 Nf6 20. a3 Nd7 21. Nd5 Qa7 22. Rfd1 Nb8 23. Ne7+ Kh8 24. Qe3 Qxe3 25. fxe3 g6 26. Rd2 Rd7 27. Nd5 Nc6 28. Nb6 Rc7 29. b4 a5 30. b5 Ne7 1/2-1/2

[Event "13th Senioren-Cup Tegernsee 2025"]
[Site "Rottach-Egern"]
[Date "2025.03.30"]
[Round "2.9"]
[White "Strobel, Walter"]
[Black "Brunner, Helmut"]
[Result "1/2-1/2"]
[Annotator "RC"]
[ECO "B15"]
[WhiteElo "2148"]
[BlackElo "1979"]
[PlyCount "76"]
[EventDate "2025.03.25"]
[EventType "swiss"]
[EventCountry "GER"]
[SourceTitle "playchess.com"]
[Source "ChessBase"]
[SourceQuality "1"]
[TimeControl "9000+30"]

1. e4 c6 2. d4 d5 3. Nc3 dxe4 4. Nxe4 Nf6 5. Nxf6+ exf6 6. c3 Bd6 7. Bd3 Qc7 8. Ne2 Be6 9. Qc2 g6 10. Bh6 Nd7 11. h4 O-O-O 12. Qa4 Nb6 13. Qc2 Rhe8 14. Kf1 Nd5 15. Qd2 f5 16. a3 Nf6 17. Bg5 Be7 18. Nf4 Qd7 19. Re1 Nd5 20. Bxe7 Rxe7 21. f3 Rde8 22. Kf2 Nxf4 23. Qxf4 Bd5 24. Rxe7 Rxe7 25. Re1 Rxe1 26. Kxe1 Qe7+ 27. Kd2 h5 28. c4 Be6 29. g3 Qc7 30. Qxc7+ Kxc7 31. Ke3 Kd6 32. b4 b6 33. Be2 f6 34. c5+ Kc7 35. Kf4 b5 36. Bd3 Bf7 37. Bb1 Kd7 38. Bc2 Kc7 1/2-1/2

[Event "13th Senioren-Cup Tegernsee 2025"]
[Site "Rottach-Egern"]
[Date "2025.03.30"]
[Round "2.10"]
[White "Schwarz, Arnd-Ruediger"]
[Black "Wimmer, Alfred"]
[Result "1/2-1/2"]
[Annotator "RC"]
[ECO "A42"]
[WhiteElo "2120"]
[BlackElo "1972"]
[PlyCount "78"]
[EventDate "2025.03.25"]
[EventType "swiss"]
[EventCountry "GER"]
[SourceTitle "playchess.com"]
[Source "ChessBase"]
[SourceQuality "1"]
[TimeControl "9000+30"]

1. d4 d6 2. Nf3 Nf6 3. c4 g6 4. Nc3 Bg7 5. e4 Bg4 6. Be2 Bxf3 7. Bxf3 e5 8. Be3 Nc6 9. d5 Nd4 10. Bxd4 exd4 11. Qxd4 O-O 12. O-O Re8 13. Qd2 Nd7 14. g3 Nc5 15. Rae1 Qf6 16. Bg2 a6 17. Nd1 b5 18. b4 Nd7 19. c5 Qd4 20. Qxd4 Bxd4 21. cxd6 cxd6 22. Ne3 Ne5 23. Nc2 Bb6 24. Rc1 Nc4 25. Rfe1 Rac8 26. Bh3 Rc7 27. Na1 Rce7 28. Bg2 f5 29. Nb3 fxe4 30. Bh3 e3 31. f4 Rc7 32. Be6+ Kg7 33. Kg2 Ree7 34. g4 Nb2 35. Rxc7 Rxc7 36. Rc1 Nd3 37. Rxc7+ Bxc7 38. Kf3 Nxb4 39. Bc8 Nxa2 1/2-1/2